 Dungeon Crawl Stone Soup version 0.25-a0-589-g1e14c549ee (webtiles) character file.

Game seed: 6291167611581774743, levelgen mode: deterministic

1710 mervunxd the Protected (level 8, -5/70 HPs)
             Began as a Minotaur Fighter on Mar 10, 2020.
             Was a Follower of Wu Jian.
             Slain by a troll (8 damage)
             ... on level 6 of the Dungeon on Mar 11, 2020.
             The game lasted 00:51:06 (6414 turns).

mervunxd the Protected (Minotaur Fighter)           Turns: 6414, Time: 00:51:07

Health: -5/70      AC: 15    Str: 22 (24) XL:     8   Next: 74%
Magic:  7/7        EV:  7    Int:  3 (5)  God:    Wu Jian [*.....]
Gold:   310        SH:  0    Dex:  6 (9)  Spells: 2/7 levels left

rFire    x . .     SeeInvis .   p - +0 scythe
rCold    + . .     Gourm    .   (shield currently unavailable)
rNeg     . . .     Faith    .   h - +0 plate armour
rPois    .         Spirit   .   (helmet restricted)
rElec    .         Reflect  .   (no cloak)
rCorr    .         Harm     .   D - +0 pair of gloves
MR       +....                  (no boots)
Stlth    ..........             (no amulet)
HPRegen  0.21/turn              e - ring of protection from magic
MPRegen  0.10/turn              u - ring of ice

@: about to teleport
A: retaliatory headbutt, horns 2
a: Renounce Religion


You were on level 6 of the Dungeon.
You worshipped Wu Jian.
Wu Jian was aware of your devotion.
You were not hungry.

You visited 1 branch of the dungeon, and saw 7 of its levels.

You collected 310 gold pieces.

Inventory:

Hand Weapons
 a - a +0 trident
 m - a +0 hunting sling
 p - a +0 scythe (weapon)
 r - a +0 short sword
 x - a +0 spear
 y - a cursed -1 hand axe
 C - a +1 mace of protection
Missiles
 n - 185 stones
 t - 20 sling bullets (quivered)
 H - 28 bolts
Armour
 b - a +0 scale mail
 h - a +0 plate armour (worn)
 s - a +0 kite shield
 D - a +0 pair of gloves (worn)
Jewellery
 e - a ring of protection from magic (left hand)
 u - a ring of ice (right hand)
Wands
 c - a wand of random effects (16)
Scrolls
 g - 2 scrolls of amnesia
 i - 4 scrolls of identify
 j - 4 scrolls of teleportation
 k - a scroll of enchant armour {unknown}
 l - 3 scrolls of fear
 q - 3 scrolls of remove curse
 v - 2 scrolls of magic mapping
 w - 6 scrolls of immolation
 B - a scroll of blinking {unknown}
 E - a scroll of enchant weapon {unknown}
Potions
 d - a potion of might
 o - a potion of brilliance
 A - 3 potions of flight
 G - a potion of magic {unknown}
 I - 2 potions of curing {unknown}
Comestibles
 f - 6 rations


   Skills:
 + Level 6.1 Fighting
 + Level 8.5 Polearms
 + Level 2.5 Slings
 + Level 8.6 Armour
 + Level 1.9 Dodging
 + Level 0.1 Stealth
 + Level 4.5 Shields
 + Level 0.2 Spellcasting
 + Level 0.2 Conjurations
 + Level 0.2 Fire Magic


You had 2 spell levels left.
You knew the following spells:

 Your Spells              Type           Power        Failure   Level  Hunger
a - Foxfire               Conj/Fire      #...         100%        1    ##.....
b - Sticky Flame          Conj/Fire      #.......     100%        4    #####..

Your spell library contained the following spells:

 Spells                   Type           Power        Failure   Level  Hunger
 Magic Dart               Conj           #...         100%        1    ##.....
 Searing Ray              Conj           #.....       100%        2    ###....
 Conjure Flame            Conj/Fire      #.......     100%        3    ####...
 Dazzling Flash           Conj/Hex       #.....       100%        3    ####...
 Inner Flame              Hex/Fire       #.......     100%        3    ####...
 Fulminant Prism          Conj/Hex       #.........   100%        4    #####..
 Iskenderun's Mystic Bla  Conj/Tloc      #.......     100%        4    #####..
 Fireball                 Conj/Fire      #.........   100%        5    ######.


Dungeon Overview and Level Annotations

Branches:
Dungeon (7/15)             Temple (0/1) D:5

Altars:
Ashenzari
Elyvilon
Fedhas
Hepliaklqana
Okawaru
Vehumet
Wu Jian

Annotations:
D:3 1 runed translucent door, HailSeitan's ghost, amateur VSFi


Innate Abilities, Weirdness & Mutations

You reflexively headbutt those who attack you in melee.
You have a pair of horns on your head.


Message History

* * * LOW HITPOINT WARNING * * *
The troll claws you.
* * * LOW HITPOINT WARNING * * *
The troll closely misses you. The troll misses you.
The troll claws you but does no damage.
It was a potion of degeneration.
There was something very wrong with that liquid.
You feel weakened.
You feel dopey.
You feel clumsy. The troll bites you but does no damage.
The troll barely misses you. The troll claws you but does no damage.
You barely miss the troll. Your headbutt misses the troll.
The troll is almost dead.
The troll bites you!
* * * LOW HITPOINT WARNING * * *
The troll claws you.
* * * LOW HITPOINT WARNING * * *
The troll claws you but does no damage.
As you read the scroll of teleportation, it crumbles to dust.
You feel strangely unstable. The troll barely misses you. The troll claws you!
You die...

#.........#####.###
##.........#####.#
#................#
#................#
#.#.............##
#.##.....#.....##
#..#.##.####..##
##T#.##...###..###
####.@..###.# ##...###
#.#####.###.## ###...#
#...# #......#######..
#.#.####.#.......#####
#.#..# #..#.####...<..
#.##.# ##.#.# #######
#.##.# #.#.####
#.##.####.#....#
#.##......[..#.##


You could see a troll.

Vanquished Creatures
  A hippogriff (D:7)
  Sigmund (D:2)
  A water moccasin (D:5)
  A sky beast (D:5)
  An orc warrior (D:7)
  2 phantoms (D:7)
  An ogre (D:7)
  A bullfrog (D:6)
  2 howler monkeys (D:7)
  5 crimson imps
  A bullfrog zombie (D:5)
  4 hounds
  3 orc wizards
  Jessica (D:2)
  Ijyb (D:2)
  A worker ant (D:7)
  2 killer bee zombies (D:7)
  3 adders
  A shadow imp (D:6)
  An ooze (D:5)
  An adder zombie (D:5)
  5 worms
  8 leopard geckos
  7 orcs
  7 bats
  10 giant cockroaches
  15 goblins
  6 hobgoblins
  7 jackals
  A quokka (D:4)
  A ball python (D:6)
  11 frilled lizards
  9 kobolds
  A leopard gecko skeleton (D:6)
  A quokka zombie (D:6)
  17 rats
141 creatures vanquished.

Notes
Turn   | Place    | Note
-------+----------+-------------------------------------------
     0 | D:1      | mervunxd the Minotaur Fighter began the quest for the Orb.
     0 | D:1      | Reached XP level 1. HP: 19/19 MP: 0/0
   114 | D:1      | Reached XP level 2. HP: 23/27 MP: 1/1
   431 | D:1      | Reached XP level 3. HP: 33/33 MP: 2/2
   808 | D:2      | Noticed Jessica
   856 | D:2      | Killed Jessica
   856 | D:2      | Reached XP level 4. HP: 38/40 MP: 3/3
   910 | D:2      | Noticed Sigmund
   950 | D:2      | HP: 2/40 [something/puff of flame (6)]
   957 | D:2      | HP: 1/40 [Sigmund/+0 scythe (6)]
   963 | D:2      | Killed Sigmund
   963 | D:2      | Reached skill level 5 in Polearms
   963 | D:2      | Reached XP level 5. HP: 2/47 MP: 4/4
  1563 | D:2      | Found a hazy altar of Hepliaklqana.
  2061 | D:2      | Noticed Ijyb
  2078 | D:2      | Killed Ijyb
  2078 | D:2      | Reached skill level 1 in Slings
  2078 | D:2      | Reached skill level 5 in Armour
  2078 | D:2      | Reached XP level 6. HP: 48/53 MP: 5/5
  2326 | D:3      | Found a runed translucent door.
  2326 | D:3      | Noticed HailSeitan's ghost (amateur VSFi)
  2788 | D:3      | You fall into a shaft and drop 3 floors!
  2857 | D:5      | Entered Level 5 of the Dungeon
  2887 | D:5      | Noticed a sky beast
  2919 | D:5      | Found Misuow's General Store.
  2955 | D:5      | Found a staircase to the Ecumenical Temple.
  2981 | D:5      | Killed a sky beast
  2981 | D:5      | Reached skill level 5 in Fighting
  3620 | D:4      | Learned a level 1 spell: Foxfire
  3625 | D:4      | Learned a level 4 spell: Sticky Flame
  4094 | D:4      | Found an iron altar of Okawaru.
  4175 | D:5      | Reached XP level 7. HP: 58/61 MP: 6/6
  4193 | D:5      | Found an ornate altar of the Wu Jian Council.
  4199 | D:5      | Became a worshipper of the Wu Jian Council
  4285 | D:5      | Found a radiant altar of Vehumet.
  5089 | D:5      | Found a white marble altar of Elyvilon.
  5360 | D:6      | Found a shattered altar of Ashenzari.
  5649 | D:6      | Reached * piety under Wu Jian
  5919 | D:7      | Reached XP level 8. HP: 61/69 MP: 7/7
  5963 | D:7      | Noticed a hippogriff
  5981 | D:7      | Killed a hippogriff
  6020 | D:7      | Reached skill level 1 in Dodging
  6059 | D:7      | Found a blossoming altar of Fedhas.
  6101 | D:7      | Noticed a troll
  6413 | D:6      | HP: 2/70 [troll (5)]
  6414 | D:6      | Slain by a troll

Levels and vault maps discovered:
D:1:      dpeg_arrival_ratfight, layout_basic, minmay_pentomino_z2
D:2:      kennysheep_the_goblin_king, layout_loops_corners,
          lemuel_crystal_altar, first_ration, minmay_misc_feat_chi,
          uniq_sigmund, uniq_jessica
D:3:      layout_basic, ebering_ghost_inner_flame
D:4:      layout_gridville, kennysheep_mini_moat
D:5:      layout_loops_corners, kennysheep_little_box, lemuel_doored_altar,
          lemuel_crystal_altar, temple_pool_b, serial_shops, nicolae_shop_stone,
          skrybe_limestone_x
D:6:      layout_rooms, nicolae_overflow_crystal_walls
D:7:      layout_basic, fedhas_ov_isle_minmay

Skill      XL: |  1  2  3  4  5  6  7  8 |
---------------+-------------------------+-----
Shields        | 4 |  4.5
Armour         | 4 5 7 8 |  8.6
Fighting       | 4 5 6 |  6.1
Polearms       | 3 4 5 6 7 8 |  8.5
Slings         | 1 2 |  2.5
Dodging        | 1 |  1.9
Stealth        | |  0.1
Spellcasting   | |  0.2
Conjurations   | |  0.2
Fire Magic     | |  0.2

Action                   |  1- 3 |  4- 6 |  7- 9 || total
-------------------------+-------+-------+-------++-------
Melee: Trident           |    89 |    59 |       ||   148
       Headbutt          |     8 |    23 |    31 ||    62
       Scythe            |       |   100 |   215 ||   315
 Fire: Hunting sling     |       |    57 |       ||    57
Invok: Lunge             |       |       |     3 ||     3
       Whirlwind         |       |       |     2 ||     2
  Use: Scroll            |       |     4 |     5 ||     9
       Potion            |       |     2 |     4 ||     6
  Eat: Ration            |       |     3 |     2 ||     5
       Chunk             |       |       |     2 ||     2
Armor: Scale mail        |    12 |       |       ||    12
       Plate armour      |    19 |   130 |   243 ||   392
Dodge: Dodged            |    14 |    48 |   119 ||   181
Block: Kite shield       |    32 |    27 |       ||    59

Table legend:
 A = Non-vault XP
 B = Vault XP
 C = Vault XP percentage of total XP
 D = Non-vault monster count
 E = Vault monster count
 F = Vault count percentage of total count
                 A         B        C        D         E       F
            +---------+---------+-------+---------+---------+-------
      Total |    2140 |     304 |  12.4 |     125 |      16 |  11.3
            +---------+---------+-------+---------+---------+-------
        D:1 |      42 |       8 |  16.0 |      25 |       7 |  21.9
        D:2 |      55 |     296 |  84.3 |      27 |       9 |  25.0
        D:3 |      41 |       0 |   0.0 |      14 |       0 |   0.0
        D:4 |      86 |       0 |   0.0 |      12 |       0 |   0.0
        D:5 |     649 |       0 |   0.0 |      21 |       0 |   0.0
        D:6 |     197 |       0 |   0.0 |      10 |       0 |   0.0
        D:7 |    1070 |       0 |   0.0 |      16 |       0 |   0.0
            +---------+---------+-------+---------+---------+-------
